 Dungeon Crawl Stone Soup version 0.32-a0-818-gb728d0252e (webtiles) character file.

Game seed: 4632629829335893580

135 croobank the Chiller (level 4, -2/33 HPs)
             Began as a Draconian Ice Elementalist on Mar 23, 2024.
             Slain by an ice beast (8 damage)
             ... on level 4 of the Dungeon.
             The game lasted 00:08:11 (3517 turns).

croobank the Chiller (Draconian Ice Elementalist)   Turns: 3517, Time: 00:08:11

Health: -2/33      AC: 12    Str: 10    XL:     4   Next: 96%
Magic:  5/8        EV: 11    Int: 18    God:
Gold:   134        SH:  0    Dex: 11    Spells: 1/8 levels left

rFire   . . .        e - +0 dagger
rCold   . . .        (no shield)
rNeg    . . .        (body armour unavailable)
rPois   .            (helmet restricted)
rElec   .            (no cloak)
rCorr   .            r - +0 pair of gloves
SInv    .            (no boots)
Will    +....        (no amulet)
Stlth   ++           b - ring of willpower
HPRegen 0.25/turn    (no ring)
MPRegen 0.11/turn

%: no passive effects
@: ice-armoured (expiring), freezing walls, slowed, very slow
A: AC +5, unfitting armour, cold-blooded
a: no special abilities


You were on level 4 of the Dungeon.
You visited 1 branch of the dungeon, and saw 4 of its levels.

You collected 134 gold pieces.

Inventory:

Hand Weapons
 e - a +0 dagger (weapon)
 f - a +0 spear
Armour
 r - a +0 pair of gloves (worn)
Jewellery
 b - a ring of willpower (left hand)
Wands
 u - a wand of iceblast (7)
Scrolls
 d - a scroll of silence
 g - 2 scrolls of fog {unknown}
 j - 2 scrolls of teleportation {unknown}
 l - a scroll of identify
 m - 2 scrolls of vulnerability {unknown}
 n - a scroll of amnesia {unknown}
 o - 3 scrolls of poison {unknown}
 t - a scroll of enchant armour {unknown}
Potions
 a - a potion of magic
 c - 2 potions of lignification {unknown}
 h - 2 potions of cancellation
 i - a potion of curing
 k - a potion of enlightenment {unknown}
 p - a potion of haste {unknown}
 q - a potion of brilliance {unknown}
 s - a potion of heal wounds {unknown}


   Skills:
 + Level 2.8 Dodging
 + Level 2.9 Stealth
 + Level 2.9 Spellcasting
 + Level 4.7 Ice Magic


You had one spell level left.
You knew the following spells:

 Your Spells              Type           Power      Damage    Failure   Level
a - Freeze                Ice            76%        1d8       2%          1
b - Frozen Ramparts       Ice            38%        1d6       7%          3
c - Ozocubu's Armour      Ice            19%        N/A       7%          3

Your spell library contained the following spells:

 Spells                   Type           Power      Damage    Failure   Level
 Summon Ice Beast         Ice/Summ       11%        N/A       19%         3
 Lesser Beckoning         Tloc           4%         N/A       26%         2
 Gell's Gravitas          Tloc           2%         N/A       45%         3
 Teleport Other           Tloc           2%         N/A       45%         3


Dungeon Overview and Level Annotations

Branches:
Dungeon (4/15)
 Temple: D:4-7

Altars:

Annotations:
D:3 1 runed translucent door, Crazy Yiuf


Innate Abilities, Weirdness & Mutations

Your plain brown scales are hard. (AC +5)
You cannot fit into any form of body armour.
You are cold-blooded and may be slowed by cold attacks.


Message History

The ice beast is severely wounded.
The ice beast hits you but does no damage.
You hit the ice beast but do no damage.
The ice beast is severely wounded.
The ice beast closely misses you.
You hit the ice beast but do no damage.
The ice beast is severely wounded.
The ice beast hits you but does no damage.
You hit the ice beast but do no damage.
The ice beast is severely wounded.
The ice beast hits you but does no damage.
You hit the ice beast.
The ice beast is almost dead.
The ice beast hits you. The ice beast freezes you!
* * * LOW HITPOINT WARNING * * *
You hit the ice beast but do no damage.
The ice beast is almost dead.
Your icy armour starts to melt.
The ice beast barely misses you.
You closely miss the ice beast.
The ice beast is almost dead.
The ice beast hits you but does no damage.
Aiming: Iceblast
Press: ? - help, Shift-Dir - straight line, p - ice beast
Okay, then.
Casting: Ozocubu's Armour (quite dangerous; 7% risk of failure)
Confirm with . or Enter, or press ? or * to list all spells.
Casting: Frozen Ramparts (quite dangerous; 7% risk of failure)
Press: ? - help, Dir - look around, f - activate The walls around you are covered in ice.
The wall freezes the ice beast but does no damage.
The ice beast hits you but does no damage.
You hit the ice beast but do no damage. You tail-slap the ice beast.
The ice beast is almost dead.
The ice beast completely resists.
The wall freezes the ice beast but does no damage.
The ice beast hits you.
* * * LOW HITPOINT WARNING * * *
The ice beast freezes you!
You feel yourself slow down.
You die...

# #. #.### . #.... .#
#.... ..#
###....######..#
#......@.......#
#.#...Y##......#
#....##......#
#....#.......######
......#.........>...
.......#...........#
.##....#...........###
#..((#.............
##..........#


You could see an ice beast.

Vanquished Creatures
  An iguana (D:2)
  An orc wizard (D:4)
  3 dart slugs
  9 orcs
  7 ball pythons
  4 bats
  8 endoplasms
  6 goblins
  6 hobgoblins
  8 jackals
  A kobold (D:1)
  4 quokkas
  A frilled lizard (D:1)
  2 rats (D:1)
61 creatures vanquished.

Notes
Turn   | Place    | Note
-------+----------+-------------------------------------------
     0 | D:1      | croobank the Draconian Ice Elementalist began the quest for
                  | the Orb.
     0 | D:1      | Reached XP level 1. HP: 14/14 MP: 3/3
   247 | D:1      | Found a faded altar of an unknown god.
   314 | D:1      | Reached XP level 2. HP: 20/20 MP: 1/5
   782 | D:1      | Reached XP level 3. HP: 26/26 MP: 0/6
  1353 | D:2      | You fall into a shaft and drop 2 floors!
  1363 | D:4      | Reached XP level 4. HP: 28/33 MP: 3/8
  1648 | D:3      | Learned a level 3 spell: Frozen Ramparts
  1652 | D:3      | Learned a level 3 spell: Ozocubu's Armour
  2689 | D:3      | Found a runed translucent door.
  2690 | D:3      | Noticed Crazy Yiuf
  3472 | D:4      | Noticed an ice beast
  3517 | D:4      | Slain by an ice beast

Illustrated notes

Levels and vault maps discovered:
D:1:      roadster_arrival_rocket_small, layout_basic,
          chequers_ecumenical_altar_grove, hangedman_abyss_or_decor_stabs
D:2:      layout_loops_ring
D:3:      layout_basic, uniq_crazy_yiuf_cottage
D:4:      layout_basic

Skill      XL: |  1 |
---------------+----+-----
Dodging        | 2 |  2.8
Stealth        | 2 |  2.9
Spellcasting   | |  2.9
Ice Magic      | |  4.7

Action                     |  1- 3 |  4- 6 || total
---------------------------+-------+-------++-------
  Melee: Dagger            |    23 |    82 ||   105
         Tailslap          |     3 |    10 ||    13
         Unarmed           |     1 |       ||     1
  Throw: Javelin           |       |     2 ||     2
   Cast: Freeze            |    49 |    14 ||    63
         Frozen Ramparts   |       |    16 ||    16
         Ozocubu's Armour  |       |     8 ||     8
  Evoke: Wand              |       |     2 ||     2
    Use: Scroll            |     3 |       ||     3
   Stab: Sleeping          |     3 |     2 ||     5
 Armour: Skin              |    34 |    58 ||    92
  Dodge: Dodged            |    38 |    42 ||    80

Table legend: (Time is in decaauts)
 A = Elapsed time spent in this place.
 B = Non-inter-level travel time spent in this place.
 C = Inter-level travel time spent in this place.
 D = Time resting spent in this place.
 E = Time spent auto-exploring this place.
 F = Levels seen in this place.
 G = Mean time per level.
                   A        B        C        D        E       F      G
               +--------+--------+--------+--------+--------+-----+--------+
         Total |   3521 |   3418 |    103 |    277 |   2508 |   4 |  880.2 |
       Dungeon |   3521 |   3418 |    103 |    277 |   2508 |   4 |  880.2 |
               +--------+--------+--------+--------+--------+-----+--------+

Top non-repeatable levels by time:
     D:1: 1076 daAuts
     D:2: 888 daAuts
     D:3: 837 daAuts
     D:4: 718 daAuts
